AoeStats
← bumbsbomba74

Lombardia

510176107Analyzed
4v4 RM · 3d ago on Sep 29, 2026· 49m 19s· 8 players
Game mode
Random Map
Map size
Large (8 player)
Population
200
Speed
Normal
Resources
Standard
Victory
Conquest
Starting age
Dark Age
Ending age
Imperial Age
RankedLock teamsTeams togetherTeam positionsShared explorationLock speedFull tech treeHidden civsTurbo modeCheats
Victory
Defeat
🇩🇪 Lithuanians · Germany
1260
+14
🇩🇪 Japanese · Germany
1222
+15
🇨🇳 Huns · China
1179
+17
🇯🇴 Wei · Jordan
1158
+18
🇨🇴 Cumans · Colombia
1229
-17
🇷🇺 Poles · Russia
1207
-16
🇺🇸 Malians · United States
1196
-16
🇺🇸 Goths · United States
1171
-15
THEDEEPSE4 KING
5:45 Loom
12:16 Feudal Age
12:42 Double-Bit Axe
19:06 Castle Age
17:17 Town Watch
19:06 Horse Collar
20:05 Squires
20:19 Pikeman
21:13 Scale Mail Armor
21:24 Forging
22:32 Bow Saw
27:38 Chain Mail Armor
27:59 Iron Casting
32:17 Imperial Age
31:35 Heavy Plow
32:13 Wheelbarrow
32:28 Caravan
34:36 Anarchy
37:37 Elite Huskarl
42:25 Halberdier
46:29 Conscription
JANGEL4107
0:30 Loom
11:17 Feudal Age
15:38 Wheelbarrow
16:58 Horse Collar
17:25 Double-Bit Axe
22:43 Castle Age
21:00 Town Watch
22:07 Scale Barding Armor
22:12 Forging
21:53 Fletching
23:56 Bloodlines
26:16 Caravan
27:16 Gold Mining
28:36 Hand Cart
29:48 Iron Casting
29:34 Chain Barding Armor
29:09 Bodkin Arrow
31:22 Padded Archer Armor
35:44 Imperial Age
35:11 Leather Archer Armor
37:18 Guilds
37:43 Ring Archer Armor
38:14 Blast Furnace
37:50 Plate Barding Armor
39:00 Ballistics
39:41 Chemistry
38:48 Light Cavalry
39:53 Elite Kipchak
42:31 Hussar
43:25 Cuman Mercenaries
43:50 Conscription
KFC DIRECTOR
8:53 Loom
11:22 Feudal Age
11:44 Horse Collar
18:31 Castle Age
16:54 Double-Bit Axe
19:55 Heavy Plow
31:03 Imperial Age
30:02 Szlachta Privileges
31:03 Bloodlines
30:54 Husbandry
31:15 Scale Barding Armor
31:21 Forging
31:08 Cavalier
33:29 Chemistry
34:09 Chain Barding Armor
34:08 Town Watch
35:19 Iron Casting
35:35 Crop Rotation
37:21 Blast Furnace
36:50 Caravan
37:22 Coinage
37:47 Conscription
39:17 Wheelbarrow
39:22 Light Cavalry
43:26 Fletching
43:42 Scale Mail Armor
45:13 Bodkin Arrow
45:19 Padded Archer Armor
45:47 Chain Mail Armor
46:23 Elite Obuch
47:23 Squires
47:08 Arson
Zizzle4879
2:10 Loom
2:15 Loom
11:09 Feudal Age
18:44 Castle Age
16:58 Double-Bit Axe
17:34 Stone Mining
18:29 Horse Collar
19:50 Heavy Plow
20:05 Scale Mail Armor
24:49 Gold Mining
25:21 Town Watch
26:14 Forging
29:40 Caravan
34:07 Imperial Age
31:42 Man-at-Arms
32:22 Squires
32:10 Arson
33:15 Chain Mail Armor
33:05 Tigui
33:44 Long Swordsman
33:46 Pikeman
35:30 Wheelbarrow
35:35 Iron Casting
34:31 Two-Handed Swordsman
35:33 Conscription
36:23 Plate Mail Armor
35:29 Champion
37:26 Gold Shaft Mining
36:50 Fletching
41:43 Heavy Camel Rider
42:24 Husbandry
42:34 Bloodlines
42:38 Scale Barding Armor
45:40 Bloodlines
45:38 Farimba
46:01 Chain Barding Armor
47:23 Light Cavalry
48:48 Plate Barding Armor
bumbsbomba74
10:26 Feudal Age
14:08 Castle Age
12:25 Double-Bit Axe
13:36 Horse Collar
15:05 Bow Saw
20:56 Wheelbarrow
20:59 Heavy Plow
22:02 Gold Mining
22:57 Hand Cart
23:32 Stone Mining
24:41 Gold Shaft Mining
28:08 Imperial Age
25:53 Scale Mail Armor
27:03 Chain Mail Armor
26:59 Forging
26:53 Guard Tower
27:03 Fletching
27:34 Loom
29:20 Bodkin Arrow
29:46 Ballistics
30:05 Bracer
31:07 Chemistry
30:44 Keep
31:45 Two-Man Saw
31:50 Plate Mail Armor
32:30 Padded Archer Armor
33:00 Conscription
34:06 Pikeman
34:46 Squires
34:32 Gambesons
35:06 Halberdier
36:21 Yasama
36:14 Man-at-Arms
40:04 Siege Engineers
39:52 Arson
41:30 Treadmill Crane
42:27 Masonry
42:41 Kataparuto
43:57 Iron Casting
43:52 Town Watch
47:40 Blast Furnace
Tada
11:23 Feudal Age
12:19 Double-Bit Axe
12:17 Horse Collar
15:05 Castle Age
14:22 Loom
19:17 Fervor
19:28 Sanctity
21:35 Scale Barding Armor
22:35 Heavy Plow
22:57 Bow Saw
24:03 Town Watch
24:54 Wheelbarrow
24:33 Forging
26:39 Hand Cart
31:59 Imperial Age
29:43 Bloodlines
29:34 Husbandry
29:41 Gold Mining
31:40 Iron Casting
31:07 Padded Archer Armor
30:58 Fletching
30:47 Elite Skirmisher
31:35 Thumb Ring
31:52 Ballistics
32:58 Cavalier
34:15 Chain Barding Armor
33:27 Light Cavalry
35:13 Caravan
35:14 Bodkin Arrow
35:34 Leather Archer Armor
36:57 Plate Barding Armor
36:23 Bracer
36:28 Scale Mail Armor
37:41 Coinage
38:21 Two-Man Saw
38:25 Conscription
37:51 Paladin
39:23 Winged Hussar
43:52 Banking
43:41 Guilds
44:59 Chemistry
46:05 Crop Rotation
46:07 Ring Archer Armor
45:52 Chain Mail Armor
47:04 Stone Mining
Sir_FatLion
11:27 Feudal Age
15:36 Castle Age
15:11 Scale Barding Armor
15:01 Double-Bit Axe
14:59 Horse Collar
16:03 Loom
23:57 Bow Saw
24:19 Heavy Plow
26:12 Wheelbarrow
25:41 Gold Mining
28:57 Chain Barding Armor
28:48 Forging
28:51 Bloodlines
33:10 Imperial Age
30:55 Hand Cart
31:46 Husbandry
32:36 Iron Casting
33:20 Heavy Hei Guang Cavalry
35:03 Blast Furnace
34:32 Conscription
34:52 Ming Guang Armor
35:54 Fletching
38:32 Tuntian
40:48 Gold Shaft Mining
40:04 Stone Mining
40:24 Light Cavalry
41:39 Hussar
44:23 Bodkin Arrow
46:33 Hoardings
48:10 Chemistry
48:06 Bracer
48:08 Padded Archer Armor
48:33 Ballistics
48:25 Masonry
49:17 Caravan
老父亲的眼泪
7:14 Loom
9:39 Feudal Age
12:40 Double-Bit Axe
15:38 Horse Collar
17:26 Wheelbarrow
17:27 Forging
17:29 Scale Barding Armor
19:08 Bloodlines
23:14 Castle Age
22:29 Gold Mining
22:45 Padded Archer Armor
23:32 Fletching
24:06 Husbandry
24:47 Thumb Ring
25:04 Bow Saw
25:12 Bodkin Arrow
25:33 Leather Archer Armor
25:50 Hand Cart
26:35 Ballistics
29:58 Gold Shaft Mining
29:23 Light Cavalry
36:01 Imperial Age
36:36 Town Watch
36:26 Heavy Cavalry Archer
37:33 Parthian Tactics
37:08 Capped Ram
39:08 Bracer
40:12 Chemistry
41:38 Guilds
42:31 Two-Man Saw
43:05 Stone Mining
44:25 Siege Ram
46:52 Town Patrol
50:10 Conscription
Connection lost

Rejoining the realm…

Still unreachable

The connection could not be restored.

Session expired

The server has moved on; the page needs a fresh start.